 Dungeon Crawl Stone Soup version 0.31.0 (webtiles) character file.

Game seed: 3880437839134710362

462 qw the Shooter (level 7, 0/43 HPs)
             Began as a Gargoyle Hunter on Jan 19, 2024.
             Slain by a gnoll
             ... wielding a +0 spear
              (3 damage)
             ... on level 5 of the Dungeon.
             The game lasted 00:00:16 (2884 turns).

qw the Shooter (Gargoyle Hunter)                    Turns: 2884, Time: 00:00:17

Health: 0/43       AC:  8    Str: 15    XL:     7   Next: 7%
Magic:  7/7        EV: 12    Int:  9    God:
Gold:   254        SH:  0    Dex: 15    Spells: 6/6 levels left

rFire   . . .        a - +0 shortbow (chaos)
rCold   . . .        (shield currently unavailable)
rNeg    + + .        b - +1 troll leather armour
rPois   inf          (no helmet)
rElec   +            (no cloak)
rCorr   .            (no gloves)
SInv    .            (no boots)
Will    .....        (no amulet)
Stlth   ++           c - ring of positive energy
HPRegen 1.07/turn    (no ring)
MPRegen 0.10/turn

%: no passive effects
@: no status effects
A: sickness immunity, AC +4, negative energy resistance 1, electricity
resistance, torment resistance 1, petrification resistance
a: no special abilities


You were on level 5 of the Dungeon.
You visited 2 branches of the dungeon, and saw 6 of its levels.

You collected 254 gold pieces.


Innate Abilities, Weirdness & Mutations

You are immune to sickness and miasma.
Your stone body is resilient. (AC +4)
You are immune to poison.
You resist negative energy. (rN+)
You are resistant to electric shocks. (rElec)
You are resistant to unholy torment.
You are immune to petrification.


   Skills:
 - Level 4.0 Fighting
 + Level 7.3 Ranged Weapons
 - Level 2.2 Dodging
 - Level 1.1 Stealth


You had 6 spell levels left.
You didn't know any spells.
Your spell library was empty.

Inventory:

Hand Weapons
 a - a +0 shortbow of chaos (weapon)
Armour
 b - a +1 troll leather armour (worn)
Jewellery
 c - a ring of positive energy (left hand)
Scrolls
 d - 2 scrolls of identify
 f - 4 scrolls of teleportation
Potions
 e - a potion of enlightenment
 g - a potion of heal wounds
 h - a potion of curing
 i - a potion of might

Dungeon Overview and Level Annotations

Branches:
Dungeon (5/15)             Temple (1/1) D:5

Altars:
Ashenzari
Cheibriados
Dithmenos
Elyvilon
Fedhas
Hepliaklqana
Kikubaaqudgha
Nemelex Xobeh
Qazlal
Sif Muna
Trog
Vehumet
Wu Jian
Xom
Yredelemnul
Zin

Annotations:
D:5 1 runed translucent door, Crazy Yiuf


Message History

The gnoll looks as sick as possible!
The gnoll is lightly wounded.
You shoot an arrow. The arrow completely misses the gnoll.
The arrow hits the gnoll.
Lightning courses through the gnoll!
You kill the gnoll!
The gnoll hits you from afar with a +0 spear.
You shoot an arrow. The arrow hits the gnoll.
The gnoll seems to speed up.
The gnoll is severely wounded.
The gnoll hits you but does no damage. The gnoll misses you.
You shoot an arrow. The arrow hits the gnoll.
You kill the gnoll!
You shoot an arrow. The arrow hits the gnoll.
The gnoll seems to slow down.
The gnoll is moderately wounded.
You shoot an arrow. The arrow barely misses the gnoll.
The arrow hits the gnoll.
The arrow burns the gnoll.
The gnoll is moderately wounded.
The gnoll hits you from afar with a +0 spear.
You shoot an arrow. The arrow hits the gnoll.
The gnoll shakes off its lethargy.
The gnoll flies into a frenzy!
The gnoll is heavily wounded.
The gnoll hits the gnoll with a +0 spear!
The gnoll dies!
A gnoll is nearby!
The gnoll hits you from afar with a +0 spear! x2
A gnoll is nearby!
The gnoll hits you from afar with a +0 spear.
2875 ||| FLEEEEING.
The gnoll hits you from afar with a +0 spear!
The gnoll shouts!
The gnoll hits you from afar with a +0 spear.
The gnoll misses you.
You see here 6 curare-tipped darts.
The gnoll misses you.
The gnoll hits you from afar with a +0 spear!
You see here a +0 scale mail.
The gnoll attacks as it pursues you!
The gnoll hits you from afar with a +0 spear.
There is an open door here.
The gnoll hits you from afar with a +0 spear.
You die...

##.## #.# #.# #.# #.#### ####.#
#.# #....# #..... ##'##
####'######.##.# ##...##
###(...[#.##.##.# ##....(##
#.#.}.}.#.##.##..
##.......###.'..>..+.##.####
..####........[##.#.}.}.#.##.####
..)))'........g'@.#.....#........
..####.........######+###.#######
##...(..(## #.........# #
##..%..## ##.##.###.# ##...##
#.##.###.# ##'## #.#.#.##.# ###
#.# #..###.#.# #.. ######.#
#.#.#.##.# #.#
#......#########.##.###.# #.#


You could see a neutral gnoll (fast, strong, frenzied).

Vanquished Creatures
  3 scorpions
  A hound (D:5)
  A jelly (D:4)
  An orc priest (D:4)
  An orc wizard (D:4)
  2 gnolls (D:5)
  6 adders
  3 dart slugs
  A ribbon worm (D:2)
  10 orcs
  9 ball pythons
  8 endoplasms
  4 giant cockroaches
  7 goblins
  3 hobgoblins
  3 quokkas
  3 bats
  2 frilled lizards (D:2)
  5 kobolds
  7 rats
80 creatures vanquished.

Vanquished Creatures (collateral kills)
  A gnoll (D:5)
1 creature vanquished.

Grand Total: 81 creatures vanquished

Notes
Turn   | Place    | Note
-------+----------+-------------------------------------------
     0 | D:1      | qw the Gargoyle Hunter began the quest for the Orb.
     0 | D:1      | Reached XP level 1. HP: 12/12 MP: 1/1
     0 | D:1      | 0 ||| qw: Version: 0.3-a-132-g3d54051
     0 | D:1      | 0 ||| qw: Game counter: 160
     0 | D:1      | 0 ||| qw: Melee chars always use a shield: true
     0 | D:1      | 0 ||| qw: God list: Okawaru
     0 | D:1      | 0 ||| qw: Allow faded altars: false
     0 | D:1      | 0 ||| qw: Do Orc after clearing Dungeon:15 true
     0 | D:1      | 0 ||| qw: Do second Lair branch before Depths: true
     0 | D:1      | 0 ||| qw: Lair rune preference: random
     0 | D:1      | 0 ||| qw: Goals: Normal
     0 | D:1      | 0 ||| PLANNING D:1-11
     6 | D:1      | Noticed a felid
    13 | D:1      | Noticed a ghoul
    60 | D:1      | Reached XP level 2. HP: 17/17 MP: 2/2
   333 | D:1      | Reached XP level 3. HP: 21/21 MP: 3/3
   412 | D:1      | 412 ||| READING scroll labelled WONELI JAOCY.
   416 | D:1      | 416 ||| READING 2 scrolls labelled BOHURY BOIPTUI.
   416 | D:1      | 416 ||| IDENTIFYING silvery potion
   417 | D:1      | 417 ||| READING scroll of identify.
   417 | D:1      | 417 ||| IDENTIFYING brown potion
   418 | D:1      | 418 ||| DRINKING 2 pink potions.
   419 | D:1      | 419 ||| DROPPING scroll of butterflies.
   525 | D:2      | Reached skill level 5 in Ranged Weapons
   528 | D:2      | 528 ||| FLEEEEING.
   675 | D:2      | Found a blossoming altar of Fedhas.
   728 | D:2      | 728 ||| FLEEEEING.
   859 | D:2      | Reached skill level 3 in Fighting
   859 | D:2      | Reached XP level 4. HP: 28/28 MP: 4/4
  1153 | D:2      | 1153 ||| READING 2 scrolls of identify.
  1153 | D:2      | 1153 ||| IDENTIFYING scroll labelled LAUNUM YX BERPH
  1154 | D:2      | 1154 ||| READING scroll of brand weapon.
  1154 | D:2      | 1154 ||| BRANDING +0 shortbow.
  1247 | D:3      | 1247 ||| FLEEEEING.
  1249 | D:3      | 1249 ||| FLEEEEING.
  1250 | D:3      | 1250 ||| FLEEEEING.
  1256 | D:3      | 1256 ||| STAIRDANCE
  1273 | D:2      | 1273 ||| UPGRADING to +0 troll leather armour.
  1283 | D:2      | 1283 ||| DROPPING +0 leather armour.
  1917 | D:3      | 1917 ||| READING 3 scrolls of identify.
  1917 | D:3      | 1917 ||| IDENTIFYING scroll labelled TEUVVO CAEJI
  1918 | D:3      | 1918 ||| READING 2 scrolls of identify.
  1918 | D:3      | 1918 ||| IDENTIFYING scroll labelled QUGOISSIM ELO
  1919 | D:3      | 1919 ||| DROPPING scroll of blinking.
  1920 | D:3      | 1920 ||| DROPPING scroll of revelation.
  1945 | D:4      | 1945 ||| STAIRDANCE
  1955 | D:4      | 1955 ||| DRINKING 2 potions of curing.
  1955 | D:4      | 1955 ||| (to cure confusion)
  1958 | D:4      | Reached skill level 6 in Ranged Weapons
  1958 | D:4      | Reached XP level 5. HP: 30/32 MP: 5/5
  1981 | D:4      | 1981 ||| STAIRDANCE
  1983 | D:3      | 1983 ||| FLEEEEING.
  2100 | D:4      | Reached XP level 6. HP: 38/38 MP: 6/6
  2129 | D:4      | 2129 ||| UPGRADING to ring of positive energy.
  2130 | D:4      | 2130 ||| READING scroll of identify.
  2130 | D:4      | 2130 ||| IDENTIFYING smoky red potion
  2131 | D:4      | 2131 ||| DROPPING potion of magic.
  2401 | D:4      | Found an ancient bone altar of Kikubaaqudgha.
  2401 | D:4      | Found a shimmering altar of Xom.
  2485 | D:4      | 2485 ||| READING 3 scrolls of identify.
  2485 | D:4      | 2485 ||| IDENTIFYING 2 green potions
  2486 | D:4      | 2486 ||| DROPPING 2 potions of invisibility.
  2506 | D:5      | Entered Level 5 of the Dungeon
  2507 | D:5      | 2507 ||| STAIRDANCE
  2517 | D:4      | 2517 ||| FLEEEEING.
  2524 | D:5      | 2524 ||| STAIRDANCE
  2601 | D:5      | Found a runed translucent door.
  2602 | D:5      | Noticed Crazy Yiuf
  2667 | D:5      | 2667 ||| READING 2 scrolls of identify.
  2667 | D:5      | 2667 ||| IDENTIFYING viscous purple potion
  2668 | D:5      | 2668 ||| DROPPING potion of brilliance.
  2673 | D:5      | 2673 ||| FLEEEEING.
  2684 | D:5      | 2684 ||| FLEEEEING.
  2743 | D:5      | Reached skill level 7 in Ranged Weapons
  2743 | D:5      | 2743 ||| FLEEEEING.
  2796 | D:5      | Reached XP level 7. HP: 43/43 MP: 7/7
  2807 | D:5      | Found a staircase to the Ecumenical Temple.
  2808 | D:5      | 2808 ||| PLANNING TEMPLE
  2808 | D:5      | 2808 ||| READING scroll of identify.
  2808 | D:5      | 2808 ||| IDENTIFYING cyan potion
  2809 | D:5      | 2809 ||| READING scroll labelled BAER XARYF.
  2809 | D:5      | 2809 ||| ENCHANTING +0 troll leather armour.
  2810 | D:5      | 2810 ||| READING scroll labelled NUUWATHR NOMYLE.
  2816 | Temple   | Entered the Ecumenical Temple
  2817 | Temple   | 2817 ||| PLANNING D:1-11
  2875 | D:5      | 2875 ||| FLEEEEING.
  2875 | D:5      | HP: 10/43 [gnoll/+0 spear (12)]
  2882 | D:5      | HP: 6/43 [gnoll/+0 spear (7)]
  2883 | D:5      | HP: 2/43 [gnoll/+0 spear (5)]
  2884 | D:5      | Slain by a gnoll

Levels and vault maps discovered:
D:1:      shiori_arrival_whats_in_store_for_you, layout_rooms, hex_large,
          chequers_serial_rivers_small_a, chequers_mini_garden
D:2:      layout_loops_ring, basic_altar, kennysheep_cross_room
D:3:      layout_basic, serial_park_tiny_1
D:4:      layout_cave_pools, gammafunk_temple_overflow_wave
D:5:      layout_loops_corners, nicolae_ru_the_path_less_chosen,
          minmay_temple_entry_hall, uniq_crazy_yiuf_cottage
Temple:   jpeg_temple_clearing

Skill      XL: |  1  2  3  4  5  6 |
---------------+-------------------+-----
Ranged Weapons | 5 6 7 |  7.3
Fighting       | 3 4 |  4.0
Dodging        | 2 |  2.2
Stealth        | |  1.1

Action                     |  1- 3 |  4- 6 |  7- 9 || total
---------------------------+-------+-------+-------++-------
   Fire: Shortbow          |    92 |   176 |    10 ||   278
    Use: Scroll            |     3 |     7 |     3 ||    13
         Potion            |     1 |     1 |       ||     2
 Armour: Leather armour    |    23 |     3 |       ||    26
         Troll leather arm |       |   126 |    11 ||   137
  Dodge: Dodged            |    13 |    98 |     3 ||   114

Table legend:
 A = Non-vault XP
 B = Vault XP
 C = Vault XP percentage of total XP
 D = Non-vault monster count
 E = Vault monster count
 F = Vault count percentage of total count
                 A         B        C        D         E       F
            +---------+---------+-------+---------+---------+-------
      Total |     660 |       0 |   0.0 |      81 |       0 |   0.0
            +---------+---------+-------+---------+---------+-------
        D:1 |      36 |       0 |   0.0 |      21 |       0 |   0.0
        D:2 |      60 |       0 |   0.0 |      20 |       0 |   0.0
        D:3 |      52 |       0 |   0.0 |       9 |       0 |   0.0
        D:4 |     258 |       0 |   0.0 |      24 |       0 |   0.0
        D:5 |     254 |       0 |   0.0 |       7 |       0 |   0.0
            +---------+---------+-------+---------+---------+-------
